Map: 16-Bit LE

Players

HotPiron - Winner!

  • Race: Terran Terran
  • League: Diamond
  • Spawn Location: 7:00

Root

  • Race: Zerg Zerg
  • League: Platinum
  • Spawn Location: 1:00

VOD

Have the link to the VOD?

Description

Time

  • Played on: July 23, 2018, 11:52 p.m.
  • Length: 17:27
Show
View Real Time Build Order
Export as new Build Order

HotPiron Terran - Winner!

Build Orders: Command Center First (CC), MMM Bio, Mech 

Get SALT Encoding   

  12  0:01  SCV  
  13  0:13  SCV  
  14  0:18  Supply Depot  
  14  0:25  SCV  
  15  0:39  SCV  
  16  0:52  SCV  
  17  1:04  Command Center  
  17  1:06  SCV  
  18  1:18  Barracks  
  18  1:21  SCV  
  19  1:33  Supply Depot  
  19  1:37  Refinery  
  19  1:38  SCV  
  20  1:50  SCV  
  21  1:55  Barracks  
  21  2:00  Refinery  
  21  2:02  SCV  
  22  2:15  Orbital Command  
  22  2:24  Orbital Command  
  22  2:32  Barracks Reactor  
  22  2:47  SCV  
  23  2:55  SCV  
  23  2:56  Marine  
  25  3:01  SCV  
  25  3:02  Factory  
  26  3:08  SCV  
  26  3:12  Marine x2  
  28  3:13  SCV  
  28  3:15  Barracks Tech Lab  
  30  3:20  SCV  
  30  3:25  SCV  
  32  3:30  Marine x2  
  32  3:32  SCV  
  35  3:37  Stimpack  
  35  3:38  SCV  
  36  3:42  Supply Depot  
  36  3:44  SCV, Marine  
  36  3:48  Marine  
  39  3:51  Factory Reactor  
  39  3:52  Starport, SCV  
  40  3:59  Marine  
  40  4:02  Marine  
  42  4:05  Marine  
  42  4:07  SCV  
  44  4:11  Refinery, SCV  
  45  4:17  Marine  
  45  4:18  Supply Depot  
  45  4:19  Marine  
  47  4:25  Engineering Bay, SCV  
  47  4:27  SCV  
  49  4:37  SCV, Medivac x2  
  54  4:40  Widow Mine, SCV, Marine  
  54  4:44  Supply Depot  
  58  4:45  Supply Depot  
  58  4:47  Marine x2  
  58  4:49  SCV  
  61  4:53  SCV  
  61  4:56  Factory  
  62  5:02  Refinery  
  62  5:04  Supply Depot  
  62  5:05  Factory Tech Lab  
  62  5:06  SCV  
  63  5:09  Marine  
  64  5:17  Viking  
  64  5:19  SCV  
  67  5:27  SCV  
  68  5:29  Command Center  
  68  5:31  SCV  
  69  5:37  Combat Shield, Terran Infantry Weapons Level 1  
  69  5:40  SCV  
  70  5:55  Marine x2  
  70  5:56  Marine  
  73  6:05  Siege Tank  
  76  6:11  Factory  
  76  6:12  Engineering Bay  
  76  6:13  Factory, Marine  
  67  6:26  Marine  
  67  6:27  Factory Reactor  
  67  6:28  Infernal Pre-Igniter  
  67  6:29  SCV  
  67  6:32  Marine x2  
  70  6:39  Armory  
  71  6:47  Marine  
  71  6:49  Siege Tank  
  71  6:50  Marine  
  71  6:52  SCV x2  
  78  7:01  Factory Reactor, Factory Tech Lab  
  78  7:04  SCV x2, Command Center  
  80  7:12  Orbital Command  
  80  7:16  SCV x2  
  80  7:17  Hellion x2  
  80  7:18  Marine x2  
  80  7:21  Terran Infantry Armor Level 1  
  88  7:28  SCV  
  88  7:29  SCV, Marine  
  91  7:30  Siege Tank  
  91  7:33  Hellion  
  91  7:36  Marine  
  97  7:38  Hellion  
  97  7:39  Concussive Shells  
  97  7:40  SCV  
  97  7:41  Barracks  
  97  7:42  SCV  
  101  7:46  Refinery  
  101  7:47  Refinery  
  101  7:56  Terran Infantry Weapons Level 2  
  101  7:58  Terran Vehicle Weapons Level 1  
  101  8:05  Supply Depot  
  101  8:08  Supply Depot  
  101  8:11  Supply Depot x2  
  101  8:12  Supply Depot  
  101  8:15  Marine  
  101  8:16  Marauder, SCV x3  
  107  8:20  Hellion x3  
  107  8:22  Hellion  
  107  8:25  Marine  
  116  8:27  Siege Tank  
  116  8:28  SCV  
  116  8:30  Medivac  
  116  8:31  Medivac  
  124  8:41  Supply Depot, Marine  
  124  8:42  SCV  
  124  8:43  Supply Depot, SCV x2  
  124  8:48  Hellion  
  130  8:49  Hellion  
  132  8:56  Barracks Tech Lab  
  132  8:57  Marauder  
  132  9:00  Siege Tank  
  132  9:01  Planetary Fortress  
  137  9:03  SCV x3  
  137  9:05  Supply Depot  
  140  9:12  Hellion  
  140  9:13  Hellion x2  
  140  9:15  SCV x3  
  149  9:26  Marine  
  149  9:27  SCV  
  149  9:28  Hellion x2  
  155  9:32  Sensor Tower, Hellion  
  155  9:33  Supply Depot  
  155  9:35  Supply Depot  
  157  9:41  Marauder, Marine x2  
  157  9:42  Hellion x2  
  165  9:57  Supply Depot  
  165  10:06  SCV  
  165  10:07  SCV x3  
  168  10:11  Marauder, Marine  
  168  10:12  Hellion x2  
  176  10:18  Refinery  
  176  10:22  Refinery  
  176  10:23  Starport  
  176  10:26  Starport  
  176  10:30  Marine x2  
  176  10:31  Marauder, Hellion x2  
  176  10:32  Sensor Tower, Hellion x2  
  176  10:33  Hellion  
  176  10:34  Hellion  
  192  10:43  Marauder  
  150  10:52  Marauder  
  100  10:58  Siege Tank, Marine  
  100  10:59  Siege Tank  
  100  11:03  SCV  
  100  11:04  SCV x2  
  106  11:06  SCV  
  106  11:08  Factory Tech Lab  
  107  11:13  Marauder  
  107  11:14  Marine x2  
  107  11:16  SCV  
  112  11:25  Marine  
  104  11:31  Siege Tank  
  104  11:32  Marine, Viking x2  
  112  11:33  Marauder  
  112  11:34  Siege Tank x2, Marine  
  112  11:37  Cyclone x2  
  127  11:40  Factory  
  127  11:42  Marine  
  127  11:43  SCV x2  
  127  11:44  SCV x2  
  132  11:54  Marine  
  132  11:55  Marauder, SCV x2  
  132  11:56  SCV x2  
  139  12:02  Factory  
  139  12:03  Siege Tank  
  139  12:06  Siege Tank  
  139  12:07  SCV  
  139  12:08  SCV  
  147  12:13  Command Center  
  147  12:15  Marauder, Marine  
  150  12:16  Siege Tank  
  150  12:18  Sensor Tower  
  150  12:21  Marine  
  154  12:30  Marine  
  154  12:33  Factory Reactor  
  154  12:34  Terran Vehicle Weapons Level 2  
  154  12:35  Siege Tank  
  154  12:36  Terran Infantry Armor Level 2, Terran Infantry Weapons Level 3  
  158  12:38  Marine  
  158  12:39  Marauder  
  158  12:43  Starport Tech Lab  
  161  12:45  Starport Reactor  
  161  12:47  Marine  
  161  12:48  Marauder  
  161  12:51  Barracks  
  161  13:00  Marauder  
  161  13:01  Hellion x3  
  161  13:02  Hellion  
  171  13:07  Hellion  
  172  13:22  Hellion  
  172  13:23  Marine x2, Hellion  
  172  13:24  Marauder  
  180  13:27  Liberator x2  
  180  13:28  Liberator x2  
  180  13:33  Marine  
  177  13:41  Marine  
  177  13:45  Marauder  
  177  13:47  Hellion x3  
  177  13:48  Hellion  
  172  15:16  Marine x2  
  172  15:17  Marauder, Hellion  
  172  15:18  Siege Tank, Thor, Hellion x2  
  191  15:28  Viking  
  191  15:29  Viking x3  
  170  15:59  Marine x3  
  170  16:00  Marauder  
  170  16:01  Hellion x4  
  162  16:14  Siege Tank, Thor, Hellion  
  162  16:17  Marine, Viking  
  162  16:18  Marauder  
  178  16:21  Marauder  
  178  16:25  Hellion x4  
  188  16:30  Orbital Command  
  188  16:32  Refinery  
  188  16:34  Thor  
  194  16:46  Hellion x3  
Show
View Real Time Build Order
Export as new Build Order

Root Zerg 

Build Orders: Pool First 

Get SALT Encoding   

  12  0:00  Drone  
  13  0:26  Drone  
  14  0:39  Spawning Pool  
  14  0:40  Overlord  
  13  0:47  Drone  
  14  1:00  Drone  
  14  1:01  Drone  
  16  1:07  Drone  
  17  1:27  Hatchery  
  17  1:32  Queen  
  18  1:41  Zergling x6  
  21  1:54  Drone  
  22  2:03  Overlord  
  22  2:09  Extractor  
  21  2:16  Drone  
  22  2:27  Drone  
  23  2:36  Drone  
  24  2:38  Hatchery  
  24  2:39  Queen  
  25  2:50  Drone x2  
  27  2:51  Overlord  
  27  2:54  Drone  
  28  3:08  Drone x3  
  28  3:09  Drone  
  32  3:12  Extractor  
  32  3:18  Drone  
  32  3:24  Metabolic Boost  
  32  3:28  Drone x3  
  35  3:38  Queen  
  37  3:42  Queen  
  37  3:46  Drone  
  41  3:48  Drone  
  41  3:50  Drone  
  41  3:52  Drone  
  41  3:54  Drone  
  44  3:56  Drone  
  45  4:09  Drone  
  46  4:10  Drone x2  
  46  4:11  Drone  
  46  4:14  Extractor  
  46  4:16  Extractor  
  47  4:18  Baneling Nest  
  47  4:20  Queen  
  47  4:21  Drone x2  
  50  4:24  Overlord  
  50  4:49  Queen  
  50  4:52  Queen  
  54  4:54  Drone  
  54  4:55  Drone x2  
  54  4:57  Drone  
  54  4:58  Overlord  
  54  4:59  Overlord  
  58  5:09  Overlord  
  58  5:18  Drone x4  
  58  5:19  Drone x6  
  68  5:25  Zergling x8  
  72  5:43  Lair  
  72  5:44  Zergling x2  
  72  5:45  Zergling x14  
  72  5:46  Zergling x4  
  82  5:56  Overlord x3  
  82  6:00  Spore Crawler, Drone  
  80  6:24  Zergling x2  
  80  6:25  Zergling x14  
  78  6:30  Drone  
  78  6:31  Drone x2  
  82  6:34  Drone x2  
  82  6:35  Drone  
  82  6:37  Extractor x2  
  82  6:39  Drone  
  84  6:43  Centrifical Hooks  
  84  6:53  Zergling x12  
  84  6:54  Zergling x8  
  92  6:55  Overlord x3  
  94  7:01  Evolution Chamber  
  94  7:03  Drone x2  
  95  7:14  Baneling  
  95  7:15  Baneling x25  
  95  7:16  Baneling x10  
  95  7:20  Drone  
  95  7:21  Drone x3  
  95  7:22  Overlord x2  
  99  7:24  Drone  
  100  7:47  Zerg Ground Armor Level 1  
  100  7:51  Evolution Chamber  
  100  7:55  Spire  
  100  7:56  Zergling x10  
  100  7:57  Zergling x14  
  100  7:58  Zergling x2  
  111  8:12  Overseer  
  111  8:13  Overseer  
  111  8:17  Zerg Melee Weapons Level 1  
  111  8:25  Hydralisk Den  
  110  8:42  Spire, Drone x2  
  111  8:53  Hatchery  
  110  9:16  Muscular Augments  
  110  9:17  Hydralisk x7  
  110  9:18  Hydralisk x3  
  110  9:23  Infestation Pit  
  129  9:50  Hydralisk x2  
  129  9:51  Hydralisk x6  
  138  10:04  Hydralisk x3  
  138  10:19  Drone  
  138  10:20  Drone x7  
  138  10:21  Drone  
  147  10:23  Zergling x8  
  147  10:25  Zerg Ground Armor Level 2  
  151  10:31  Extractor  
  151  10:32  Extractor  
  119  11:01  Zergling x10  
  119  11:02  Zergling x16  
  132  11:09  Queen  
  132  11:10  Drone x2  
  104  11:28  Zergling x4  
  104  11:29  Zergling x12  
  104  11:37  Zerg Melee Weapons Level 2  
  104  11:41  Drone  
  104  11:42  Drone x2  
  104  11:43  Drone x3  
  104  11:44  Drone  
  104  11:45  Drone x4  
  115  11:50  Zergling x2  
  116  11:54  Baneling  
  116  11:55  Baneling x15  
  116  12:01  Hatchery  
  115  12:05  Baneling  
  115  12:06  Baneling x25  
  115  12:08  Hydralisk  
  115  12:09  Hydralisk x5  
  127  12:31  Extractor  
  126  12:42  Zerg Missile Weapons Level 1  
  126  12:43  Hive  
  122  13:09  Hydralisk  
  122  13:10  Hydralisk x2  
  122  13:11  Hydralisk  
  128  13:13  Overlord x5  
  122  13:39  Zergling x2  
  122  13:40  Zergling x14  
  122  13:41  Zergling x12  
  132  13:42  Zergling x8  
  139  14:06  Queen  
  141  14:14  Ultralisk Cavern  
  140  14:19  Zerg Ground Armor Level 3  
  140  14:23  Baneling  
  140  14:24  Baneling x23  
  132  14:25  Baneling x14, Hydralisk  
  132  14:26  Hydralisk x7  
  148  14:36  Zerg Melee Weapons Level 3  
  148  15:14  Zergling x14  
  143  15:15  Zergling x14  
  143  15:18  Zergling x2, Ultralisk x3  
  143  15:20  Overlord x3  
  143  15:21  Overlord x2  
  173  15:27  Burrow  
  173  15:29  Extractor, Drone x2  
  173  15:33  Hatchery  
  173  15:36  Baneling  
  173  15:39  Baneling x15  
  173  15:40  Baneling x12  
  143  15:51  Zergling x2  
  143  15:52  Zergling x8  
  134  15:57  Zergling x2  
  134  15:58  Zergling x10  
  134  15:59  Ultralisk x2  
  150  16:10  Zergling x4  
  150  16:11  Zergling x14  
  129  16:12  Zergling x10  
  129  16:13  Baneling  
  129  16:14  Baneling x5, Hydralisk  
  129  16:15  Ultralisk  
  145  16:27  Baneling  
  145  16:28  Baneling x10  
  145  16:47  Ultralisk  
  145  16:57  Zergling x4  
  145  16:58  Zergling x6  
  145  16:59  Baneling  
  145  17:00  Baneling x19  
Tags
 
Add a new tag
Caveats
  • Supply blocks, unpowered buildings, or Contaminate may cause inaccurate times.
  • Supply counts are checked every 10 seconds.